 Dungeon Crawl Stone Soup version 0.31-a0-920-g28cbb04a8c (webtiles) character file.

Game seed: 2762249700572590095

1753062 Flugkiller the Conqueror (level 25, 257/257 HPs)
             Began as a Minotaur Hunter on Oct 16, 2023.
             Was the Champion of Lugonu.
             Escaped with the Orb
             ... and 3 runes on Oct 17, 2023!
             The game lasted 01:50:37 (61447 turns).

Flugkiller the Conqueror (Minotaur Hunter)         Turns: 61447, Time: 01:50:38

Health: 257/257    AC: 50    Str: 30    XL:     25   Next: 83%
Magic:  45/45      EV: 22    Int:  7    God:    Lugonu [******]
Gold:   4908       SH:  0    Dex: 16    Spells: 24/24 levels left

rFire   + . .        u - +9 lajatang (vamp)
rCold   + + +        (shield currently unavailable)
rNeg    . . .        m - +7 gold dragon scales
rPois   +            C - +0 mask of the Dragon {Will+ Slay+3 SInv}
rElec   .            J - +2 cloak {rCorr}
rCorr   +            G - +2 pair of gloves "Uxagh" {+Blink MP+9 Slay+3}
SInv    +            k - +2 pair of boots "Qeiq" {Drain +Blink Str+4 Int+3}
Will    +++..        U - amulet of the acrobat Stlth
                     v - +5 ring of evasion
HPRegen 0.62/turn    R - ring of Creativity {rC++ Will+ AC+4}
MPRegen 0.29/turn

%: acrobat
@: hasted, studying 2 skills, very quick
A: horns 2, retaliatory headbutt, cold resistance 1, dopey 1
0: Orb of Zot
}: 3/15 runes: decaying, serpentine, silver
a: Renounce Religion, Evoke Blink, Depart the Abyss, Banish, Corrupt, Enter the
Abyss, Brand Weapon With Distortion


You escaped.
You worshipped Lugonu.
Lugonu was exalted by your worship.
You visited 9 branches of the dungeon, and saw 47 of its levels.
You visited the Abyss 1 time.
You visited 1 bazaar.
You also visited: Trove, Bailey and Desolation.

You collected 7072 gold pieces.
You spent 2164 gold pieces at shops.

Inventory:

Hand Weapons
 e - a +6 bardiche of distortion
   (You took it off a vault guard on level 1 of the Vaults)
 u - a +9 vampiric lajatang (weapon)
   (You bought it in a shop on level 15 of the Dungeon)
Missiles
 i - 21 curare-tipped darts (quivered)
 K - 3 throwing nets
Armour
 k - the +2 pair of boots "Qeiq" (worn) {Drain +Blink Str+4 Int+3}
   (You found it on level 7 of the Dungeon)

   Str+4:     It affects your strength (+4).
   Int+3:     It affects your intelligence (+3).
   +Blink:    It lets you blink.
   Drain:     It drains your maximum health when unequipped.
 m - +7 gold dragon scales (worn)
   (You found it on level 1 of the Realm of Zot)
 C - the +0 mask of the Dragon (worn) {Will+ Slay+3 SInv}
   (You found it in a treasure trove)

   Slay+3:    It affects your accuracy & damage with ranged weapons and melee
   (+3).
   Will+:     It increases your willpower.
   SInv:      It lets you see invisible.
 F - a scarf of resistance
   (You found it in a treasure trove)
 G - the +2 pair of gloves "Uxagh" (worn) {+Blink MP+9 Slay+3}
   (You found it in a treasure trove)

   Slay+3:    It affects your accuracy & damage with ranged weapons and melee
   (+3).
   MP+9:      It affects your magic capacity (+9).
   +Blink:    It lets you blink.
 J - a +2 cloak of preservation (worn)
   (You found it in a treasure trove)
 N - the +9 plate armour of Rotation {SInv}
   (You found it on level 4 of the Lair of Beasts)

   SInv:      It lets you see invisible.
Jewellery
 a - the ring "Sesibu Kiowk" {rPois rCorr Dex+2 Stlth+}
   (You found it on level 5 of the Vaults)

   [ring of resist corrosion]

   Dex+2:     It affects your dexterity (+2).
   rPois:     It protects you from poison rCorr: It protects you from acid and
   corrosion.
   Stlth+:    It makes you more stealthy.
 p - a +4 ring of protection
   (You took it off a yellow draconian on level 3 of the Realm of Zot)
 v - a +5 ring of evasion (left hand)
   (You found it on level 4 of the Lair of Beasts)
 L - the ring of the Tempest {Str+3 SInv}
   (You found it in the Desolation of Salt)

   [ring of see invisible]

   Str+3:     It affects your strength (+3).
   SInv:      It lets you see invisible.
 R - the ring of Creativity (right hand) {rC++ Will+ AC+4}
   (You found it on level 2 of the Orcish Mines)

   [ring of protection]

   AC+4:      It affects your AC (+4).
   rC++:      It greatly protects you from cold.
   Will+:     It increases your willpower.
 U - an amulet of the acrobat (around neck)
   (You found it on level 15 of the Dungeon)
 W - the ring of Xom's Entertainment {rF+ rN+}
   (You took it off a naga ritualist on level 1 of the Snake Pit)

   [ring of positive energy]

   rF+:       It protects you from fire.
   rN+:       It protects you from negative energy.
Wands
 g - a wand of mindburst (12)
   (You found it on level 9 of the Dungeon)
 j - a wand of digging (40)
   (You found it on level 4 of the Dungeon)
 I - a wand of paralysis (31)
   (You found it on level 4 of the Dungeon)
 P - a wand of acid (29)
   (You found it on level 5 of the Lair of Beasts)
 S - a wand of iceblast (73)
   (You found it on level 6 of the Dungeon)
Scrolls
 b - 4 scrolls of butterflies
 f - 7 scrolls of fear
 t - 17 scrolls of teleportation
 x - a scroll of revelation
 y - 10 scrolls of poison
 z - 2 scrolls of blinking
 B - 6 scrolls of immolation
 D - 2 scrolls of silence
 O - 7 scrolls of fog
 T - 3 scrolls of vulnerability
Potions
 d - 5 potions of might
 l - 4 potions of mutation
 n - 4 potions of resistance
 o - 6 potions of ambrosia
 q - 5 potions of curing
 s - 2 potions of enlightenment
 A - 4 potions of magic
 H - 6 potions of attraction
 M - 2 potions of invisibility
 V - 2 potions of cancellation
Miscellaneous
 c - a sack of spiders
   (You found it in the Desolation of Salt)
 r - a lightning rod (4/4)
   (You found it in the Desolation of Salt)
 Q - a phial of floods
   (You found it on level 5 of the Vaults)
 X - a phantom mirror
   (You found it on level 1 of the Snake Pit)
 Y - a condenser vane
   (You found it on level 1 of the Snake Pit)


   Skills:
 O Level 27 Fighting
 + Level 23.6(24.1) Polearms
 - Level 8.8(17.7) Staves
 - Level 5.0 Ranged Weapons
 O Level 27 Armour
 - Level 20.0 Dodging
 - Level 0.7 Stealth
 - Level 20.0 Invocations
 - Level 10.0 Evocations


You had 24 spell levels left.
You didn't know any spells.
Your spell library contained the following spells:

 Spells                   Type           Power      Damage    Failure   Level
 Apportation              Tloc           0%         N/A       94%         1
 Foxfire                  Conj/Fire      0%         2x1d4     94%         1
 Kiss of Death            Conj/Necr      0%         2d5       94%         1
 Necrotise                Necr           0%         1d4       94%         1
 Sandblast                Erth           0%         2d4       94%         1
 Shock                    Conj/Air       0%         1d3       94%         1
 Slow                     Hex            0%         N/A       94%         1
 Sting                    Tmut/Pois      0%         1d3       94%         1
 Summon Small Mammal      Summ           0%         N/A       94%         1
 Cigotuvi's Dreadful Rot  Necr/Pois/Air  0%         N/A       98%         2
 Ensorcelled Hibernation  Hex/Ice        0%         N/A       98%         2
 Lesser Beckoning         Tloc           0%         N/A       98%         2
 Passwall                 Tmut/Erth      0%         N/A       98%         2
 Poisonous Vapours        Pois/Air       0%         N/A       98%         2
 Static Discharge         Conj/Air       0%         2-2/arc   98%         2
 Sublimation of Blood     Necr           0%         N/A       98%         2
 Wereblood                Tmut           0%         N/A       98%         2
 Confusing Touch          Hex            0%         N/A       100%        3
 Dazzling Flash           Conj/Hex       0%         N/A       100%        3
 Gell's Gravitas          Tloc           0%         N/A       100%        3
 Hailstorm                Conj/Ice       0%         3d3       100%        3
 Ignite Poison            Fire/Tmut/Pois 0%         N/A       100%        3
 Inner Flame              Hex/Fire       0%         N/A       100%        3
 Mephitic Cloud           Conj/Pois/Air  0%         N/A       100%        3
 Ozocubu's Armour         Ice            0%         N/A       100%        3
 Sigil of Binding         Hex            0%         N/A       100%        3
 Stone Arrow              Conj/Erth      0%         3d7       100%        3
 Summon Guardian Golem    Hex/Summ       0%         N/A       100%        3
 Swiftness                Air            0%         N/A       100%        3
 Teleport Other           Tloc           0%         N/A       100%        3
 Tukima's Dance           Hex            0%         N/A       100%        3
 Vampiric Draining        Necr           0%         2d6       100%        3
 Airstrike                Air            0%         2d(0-16)  100%        4
 Animate Armour           Summ/Erth      0%         N/A       100%        4
 Animate Dead             Necr           0%         N/A       100%        4
 Brom's Barrelling Bould  Conj/Erth      0%         2d3       100%        4
 Cause Fear               Hex            0%         N/A       100%        4
 Dimensional Bullseye     Hex/Tloc       0%         N/A       100%        4
 Dispel Undead            Necr           0%         3d6       100%        4
 Flame Wave               Conj/Fire      0%         2d4       100%        4
 Iskenderun's Mystic Bla  Conj/Tloc      0%         2d3       100%        4
 Leda's Liquefaction      Hex/Erth       0%         N/A       100%        4
 Olgreb's Toxic Radiance  Pois           0%         N/A       100%        4
 Passage of Golubria      Tloc           0%         N/A       100%        4
 Sticky Flame             Conj/Fire      0%         2d3       100%        4
 Summon Ice Beast         Ice/Summ       0%         N/A       100%        4
 Summon Lightning Spire   Summ/Air       0%         N/A       100%        4
 Agony                    Necr           0%         N/A       100%        5
 Alistair's Intoxication  Tmut/Pois      0%         N/A       100%        5
 Arcjolt                  Conj/Air       0%         1d10      100%        5
 Borgnjor's Vile Clutch   Necr/Erth      0%         N/A       100%        5
 Freezing Cloud           Conj/Ice/Air   0%         6-21      100%        5
 Irradiate                Conj/Tmut      0%         3d11      100%        5
 Lee's Rapid Deconstruct  Erth           0%         3d4*      100%        5
 Metabolic Englaciation   Hex/Ice        0%         N/A       100%        5
 Summon Mana Viper        Hex/Summ       0%         N/A       100%        5
 Yara's Violent Unravell  Hex/Tmut       0%         3d3       100%        5
 Bombard                  Conj/Erth      0%         9d1       100%        6
 Conjure Ball Lightning   Conj/Air       0%         3x3d6     100%        6
 Death Channel            Necr           0%         N/A       100%        6
 Eringya's Noxious Bog    Tmut/Pois      0%         4d6       100%        6
 Plasma Beam              Fire/Air       0%         2x1d10    100%        6
 Simulacrum               Ice/Necr       0%         N/A       100%        6
 Starburst                Conj/Fire      0%         6d3       100%        6
 Enfeeble                 Hex            0%         N/A       100%        7
 Monstrous Menagerie      Summ           0%         N/A       100%        7
 Orb of Destruction       Conj           0%         9d5       100%        7
 Spellforged Servitor     Conj/Summ      0%         N/A       100%        7
 Summon Hydra             Summ           0%         N/A       100%        7
 Ignition                 Fire           0%         3d3       100%        8
 Lehudib's Crystal Spear  Conj/Erth      0%         10d2      100%        8
 Chain Lightning          Conj/Air       0%         N/A       100%        9


Dungeon Overview and Level Annotations

Branches:
Dungeon (15/15)            Temple (0/1) D:5            Lair (5/5) D:11
  Swamp (4/4) Lair:3        Snake (4/4) Lair:2        Slime (0/5) Lair:4
    Orc (2/2) D:11            Elf (3/3) Orc:2        Vaults (5/5) D:13
  Crypt (0/3) Vaults:2     Depths (4/4) D:15            Zot (5/5) Depths:4
 Bailey (visited)         Desolation (visited)

Altars:
Elyvilon
Gozag
Hepliaklqana
Nemelex Xobeh
Okawaru
Sif Muna
Zin
The Shining One
Jiyva
Lugonu

Shops:
D:6 (   D:10 :   D:15 *   Orc:2 :[[[   Elf:1 *   Elf:2 *   Snake:1 (=:(
Snake:2 :   Vaults:2 ??   Vaults:5 !   Depths:1 [

Portals:
Hell: Depths:1 Depths:3 Depths:4
Abyss: Depths:3
Pandemonium: Depths:3
Ziggurat: Depths:4

Annotations:
Snake:1 2 runed translucent doors, Cyhav's ghost, adept HuFi
Snake:4 corrupted
Elf:1 1 runed translucent door
Elf:2 1 runed translucent door
Vaults:3 corrupted
Depths:3 3 runed translucent doors, 2 exclusions, Bahe's ghost, veteran DgCj
Zot:5 corrupted
Abyss:1 Fannar, Jeremiah


Innate Abilities, Weirdness & Mutations

You have a pair of horns on your head.
You reflexively headbutt those who attack you in melee.
Your flesh is cold resistant. (rC+)
You are dopey. (Int -2)


Message History

The iron shot hits you!!!
* * * LOW HITPOINT WARNING * * *
You slice the Hell Sentinel!!
You kill the Hell Sentinel!
Lugonu accepts your kill.
You feel much better.
You feel much better.
There is a stone staircase leading up here.
You are confused.
You feel invigorated.
You feel less invigorated.
You feel less confused.
You are confused.
You feel invigorated.
You feel less invigorated.
You feel less confused.
You are confused.
You feel invigorated.
You feel less invigorated.
You feel less confused.
You climb upwards.
There is a stone staircase leading down here.
Unknown command.
What level of the Dungeon? (default 1, ? - help)
You see here a +0 chain mail.
There is a stone staircase leading up here.
You climb upwards.
There is a stone staircase leading down here.
There is a stone staircase leading up here.
You climb upwards.
There is a stone staircase leading down here.
There is a stone staircase leading up here.
You climb upwards.
There is a stone staircase leading down here.
Items here: ))) [.
There is a stone staircase leading up, spattered with blood here.
You climb upwards.
There is a stone staircase leading down here.
An Orb Guardian comes into view.
The Orb Guardian completely misses you. You furiously retaliate!
You headbutt the Orb Guardian.
There is an open door here.
You slice the Orb Guardian like a ripe choko!!!
The Orb Guardian is heavily wounded.
The Orb Guardian hits you but does no damage.
You hit the Orb Guardian but do no damage.
You headbutt the Orb Guardian!!
The Orb Guardian is severely wounded.
The Orb Guardian closely misses you.
You closely miss the Orb Guardian. Your headbutt misses the Orb Guardian.
The Orb Guardian is severely wounded.
The Orb Guardian completely misses you.
The Orb Guardian hits you but does no damage.
You miss the Orb Guardian. You headbutt the Orb Guardian!
The Orb Guardian is almost dead.
The Orb Guardian misses you.
You slash the Orb Guardian!
You kill the Orb Guardian!
Lugonu accepts your kill.
No target in view!
You open the door.
There is an open door here.
A shadow demon comes into view.
You slice the shadow demon!! Your headbutt misses the shadow demon.
The shadow demon is heavily wounded.
You closely miss the shadow demon.
You headbutt the shadow demon, but do no damage.
The shadow demon is heavily wounded.
The shadow demon misses you.
You slice the shadow demon!!
You kill the shadow demon!
Lugonu accepts your kill.
No target in view!
Items here: )) [[.
A smoke demon and 2 hellwings come into view.
The smoke demon roars!
The hellwing gives a chilling moan.
There is a stone staircase leading up here.
The smoke demon completely misses you. You furiously retaliate!
You headbutt the smoke demon!! The smoke demon misses you. x2
You climb upwards.
There is a stone staircase leading down here.
Unknown command.
You slice the smoke demon!!
You kill the smoke demon!
Lugonu accepts your kill.
No target in view!
There is a stone staircase leading up here.
There is a stone staircase leading up here.
You climb upwards.
There is a stone staircase leading down here.
HP restored.
A hellion and a lich come into view.
The lich shouts!
You feel yourself speed up.
A demonspawn blood saint and a balrug come into view.
The balrug shouts!
There is a staircase leading out of the dungeon here.
Enter note: gg The balrug barely misses you.
You have escaped!

#).# #### # #####
##### ##### # #...#
#...# #...# # #.>.#
#...# #.⌠.#
###...###...###...#
.....(............#
................@.#
...............(2.#
###...###...###.6.#
# #...# #.>.# #.⌠.#
# #...# #...# #...#
# ##### ##### #####


You could see a demonspawn blood saint and a balrug.

Vanquished Creatures
  2 dread liches
  5 ancient liches
  2 orbs of fire
  Mennas (Depths:3)
  Vv (Zot:1)
  A Killer Klown (Zot:5)
  Frederick (Depths:3)
  6 curse toes
  Saint Roka (Depths:3)
  3 caustic shrikes (Depths:4)
  11 golden dragons
  Nikola (Swamp:3)
  3 bone dragons
  A Tzitzimitl (D:15)
  A Hell Sentinel (D:8)
  An electric golem (Zot:5)
  2 hellephants (Depths:4)
  15 tentacled monstrosities
  6 liches
  2 walking earthen tomes
  3 titans (Vaults:5)
  22 Orb Guardians
  A quicksilver dragon (Vaults:5)
  2 deep elf blademasters (Elf:3)
  A deep elf master archer (Elf:3)
  A walking divine tome (Depths:4)
  A walking frostbound tome (Depths:3)
  3 acid blobs (Zot:2)
  An Executioner (D:8)
  7 sphinxes
  7 death cobs
  13 shadow dragons
  2 thorn hunters (Swamp:4)
  4 tengu reavers
  Kirke (Swamp:1)
  A fire giant (shapeshifter) (Vaults:2)
  14 storm dragons
  Donald (Elf:3)
  3 nagarajas (Snake:4)
  3 draconian knights (Zot:2)
  3 fire giants
  The ghost of AncientFaroe the Severer, a journeyman HOFi of Beogh (Vaults:1)
  4 draconian monks
  7 frost giants
  2 iron dragons (Vaults:5)
  28 vault wardens
  7 deep elf sorcerers
  An imperial myrmidon (Desolation)
  3 angels
  3 orc warlords
  3 draconian scorchers
  4 ghost moths
  6 draconian shifters
  7 deep elf elementalists (Elf:3)
  A ghoul (Vaults:2)
  A spectral caustic shrike (Depths:2)
  2 spriggan defenders (Depths:3)
  4 draconian annihilators
  14 ironbound preservers
  2 war gargoyles
  3 draconian stormcallers
  6 ironbound thunderhulks
  10 very ugly things (Depths:4)
  8 black draconians
  2 eleionomae
  16 stone giants
  12 green draconians
  3 vampire knights
  7 deep elf demonologists
  13 purple draconians
  A halazid warlock (Desolation)
  A bunyip (Swamp:2)
  7 spark wasps (Depths:3)
  11 white draconians
  8 dire elephants
  A lorocyproca (Depths:2)
  7 red draconians
  19 yellow draconians
  14 deep elf death magi
  11 deep elf annihilators
  A green death (D:13)
  3 spectral golden dragons (Depths:2)
  3 crystal guardians
  5 fire dragons
  A blizzard demon (Depths:4)
  8 ettins
  5 deep elf high priests
  12 yaktaur captains
  41 vault guards
  3 great orbs of eyes
  4 ragged hierophants (Desolation)
  A shambling mangrove (Swamp:3)
  4 ice dragons
  3 entropy weavers
  6 ogre magi
  5 rakshasas
  2 spectral sphinxes (Depths:2)
  A salamander tyrant (Snake:4)
  A ghost crab (Swamp:4)
  The ghost of Simafegy the Devastator, a journeyman GrEE of Vehumet (Lair:2)
  6 spriggan air magi
  9 peacekeepers
  16 hydras
  11 ironbound frosthearts
  9 anacondas
  6 centaur warriors
  7 servants of whispers (Desolation)
  19 two-headed ogres
  3 boulder beetles
  2 spectral fire giants (Depths:2)
  A catoblepas (D:14)
  9 death yaks
  7 alligators
  4 deep troll shamans
  33 dancing weapons
  4 deep troll earth magi
  6 naga warriors
  A spectral stone giant (Depths:2)
  5 spriggan berserkers
  7 hell hogs (Depths:4)
  6 naga sharpshooters
  5 shock serpents
  21 spriggans
  13 deep elf knights
  A sun demon (Depths:3)
  A shadow wraith (Vaults:5)
  6 iron trolls
  5 soul eaters (Zot:3)
  A sixfirhy (D:8)
  A skeletal warrior (Vaults:2)
  2 spriggan druids
  8 arcanists
  A bunyip zombie (Swamp:2)
  40 deep trolls
  6 salamander mystics
  2 death drakes (Zot:3)
  2 flayed ghosts
  5 goliath frogs
  A spectral iron dragon (Depths:2)
  8 deep elf archers
  A shadow demon (D:3)
  3 glowing orange brains
  12 bog bodies
  4 phantasmal warriors
  6 swamp dragons
  9 lindwurms
  3 occultists
  29 deep elf zephyrmancers
  7 naga ritualists
  36 deep elf pyromancers
  9 orc knights
  33 ugly things
  25 ironbound convokers
  4 necromancers
  3 oklob plants (Zot:2)
  An alligator zombie (Swamp:2)
  An orc sorcerer (Orc:2)
  16 mana vipers
  3 wolf spiders
  4 manticores
  A will-o-the-wisp (Swamp:1)
  4 cyclopes
  A spectral spriggan (Depths:2)
  19 salamanders
  7 guardian serpents
  26 moths of wrath
  Joseph (D:8)
  8 elephants
  27 black mambas
  A frost giant skeleton (Vaults:4)
  A torpor snail (Lair:3)
  14 naga magi
  A black mamba (shapeshifter) (Vaults:5)
  24 vault sentinels
  An elf skeleton (Vaults:4)
  A smoke demon (D:2)
  2 gargoyles
  A human zombie (Vaults:4)
  2 kobold demonologists (D:11)
  An unseen horror (shapeshifter) (D:15)
  Psyche (D:8)
  15 cane toads
  4 tengu conjurers
  A spectral glowing shapeshifter (Depths:2)
  2 freezing wraiths
  6 komodo dragons
  26 yaktaurs
  A golden dragon simulacrum (Depths:2)
  A tormentor (D:8)
  A guardian mummy (Zot:3)
  A bloated husk (Swamp:3)
  8 polar bears
  4 tyrant leeches
  4 hydra zombies (Swamp:2)
  6 trolls
  53 saltlings (Desolation)
  21 hornets
  5 blink frogs (Lair:4)
  10 slime creatures
  Sigmund (D:4)
  2 air elementals (Elf:3)
  A wraith (D:12)
  A vampire (D:15)
  2 shadows (D:10)
  12 wyverns
  19 water elementals
  A basilisk (Lair:4)
  A fire elemental (Elf:1)
  39 yaks
  A hog (Swamp:1)
  2 redbacks
  5 wargs
  13 vampire mosquitoes
  30 nagas
  2 steam dragons
  12 swamp worms
  An acid dragon (D:9)
  12 hell hounds (Lair:5)
  24 water moccasins
  2 sky beasts
  5 swamp drakes
  26 orc warriors
  12 black bears
  17 boggarts
  27 wolves
  An ice beast (D:7)
  36 ogres
  24 centaurs
  4 phantoms
  8 kobold brigands
  12 bullfrogs
  2 earth elementals (Elf:1)
  A gnoll sergeant (D:6)
  A scorpion (D:6)
  6 killer bees
  A killer bee (shapeshifter) (Depths:3)
  5 howler monkeys
  3 electric eels (Lair:3)
  11 hounds
  12 orc priests
  19 jellies
  A gnoll bouda (D:6)
  24 orc wizards
  2 sleepcaps
  3 iguanas
  5 hell rats (Lair:4)
  9 gnolls
  10 adders
  2 shadow imps
  A white imp (D:6)
  A worm (D:3)
  2 dart slugs
  93 orcs
  6 endoplasms
  5 giant cockroaches
  7 goblins
  9 hobgoblins
  3 quokkas
  3 ball pythons
  2 bats
  9 frilled lizards
  22 kobolds
  7 rats
1994 creatures vanquished.

Vanquished Creatures (collateral kills)
  A Killer Klown (Zot:5)
1 creature vanquished.

Vanquished Creatures (others)
  A Killer Klown (Zot:5)
  An Orb Guardian (Zot:5)
  A quicksilver dragon (Zot:5)
  A deep elf master archer (Elf:3)
  A draconian knight (Zot:5)
  A nagaraja (Snake:4)
  A deep elf annihilator (Elf:3)
  A deep elf death mage (Elf:3)
  An ogre mage (Vaults:3)
  2 naga warriors (Snake:4)
  2 naga sharpshooters (Snake:4)
  A death drake (shapeshifter) (Vaults:3)
  A naga ritualist (Snake:4)
  A bog body (Swamp:4)
  2 ironbound convokers (Vaults:3)
  An ugly thing (Vaults:3)
  3 naga magi (Snake:4)
  A freezing wraith (Vaults:3)
  A bloated husk (Swamp:2)
  6 slime creatures (Vaults:3)
  A culicivora (Vaults:3)
  A human (Swamp:1)
  A redback (Vaults:3)
  2 nagas (Snake:4)
  A boggart (Vaults:4)
  An orc (Depths:3)
  15 starspawn tentacles
52 creatures vanquished.

Grand Total: 2047 creatures vanquished

Notes
Turn   | Place    | Note
-------+----------+-------------------------------------------
     0 | D:1      | Flugkiller the Minotaur Hunter began the quest for the Orb.
     0 | D:1      | Reached XP level 1. HP: 18/18 MP: 0/0
   216 | D:1      | Reached XP level 2. HP: 22/26 MP: 1/1
   477 | D:1      | Found a faded altar of an unknown god.
   611 | D:1      | Prayed at the altar of an unknown god.
   611 | D:1      | Became a worshipper of Lugonu the Unformed
   611 | D:1      | Reached * piety under Lugonu
   652 | D:1      | Reached skill level 5 in Ranged Weapons
   847 | D:2      | Reached skill level 1 in Polearms
   847 | D:2      | Reached XP level 3. HP: 31/31 MP: 2/2
   995 | D:2      | Found a white marble altar of Elyvilon.
  1225 | D:2      | Reached ** piety under Lugonu
  1487 | D:3      | Reached XP level 4. HP: 40/40 MP: 3/3
  1964 | D:3      | Reached XP level 5. HP: 31/46 MP: 4/4
  2531 | D:4      | Noticed a phantom
  2545 | D:4      | Killed a phantom
  2559 | D:4      | You fall into a shaft and drop 2 floors!
  2560 | D:6      | Noticed a phantom
  2570 | D:6      | Killed a phantom
  2571 | D:6      | Reached XP level 6. HP: 52/52 MP: 5/5
  2593 | D:6      | Reached skill level 5 in Dodging
  2626 | D:6      | Noticed a water moccasin
  2636 | D:6      | Killed a water moccasin
  2637 | D:6      | Reached skill level 5 in Polearms
  2638 | D:6      | Reached XP level 7. HP: 59/59 MP: 6/6
  2643 | D:6      | Reached skill level 1 in Evocations
  2653 | D:5      | Entered Level 5 of the Dungeon
  2723 | D:5      | Reached skill level 1 in Invocations
  2946 | D:4      | Reached skill level 1 in Armour
  2948 | D:3      | Reached *** piety under Lugonu
  3041 | D:4      | Reached skill level 5 in Fighting
  3051 | D:4      | Noticed Sigmund
  3065 | D:4      | Killed Sigmund
  3066 | D:4      | Reached XP level 8. HP: 63/70 MP: 8/8
  3377 | D:4      | Reached skill level 5 in Armour
  3645 | D:5      | Found a white marble altar of Elyvilon.
  3955 | D:5      | Found a shimmering blue altar of Sif Muna.
  4004 | D:5      | Found a staircase to the Ecumenical Temple.
  4063 | D:6      | Found Suosad's Weapon Emporium.
  4599 | D:6      | Reached XP level 9. HP: 45/75 MP: 9/9
  4825 | D:6      | Reached skill level 10 in Polearms
  4828 | D:6      | Reached **** piety under Lugonu
  5179 | D:7      | Noticed Jeremiah
  5198 | D:7      | Banished Jeremiah
  5199 | D:7      | Reached skill level 5 in Invocations
  5486 | D:7      | Identified the +2 pair of boots "Qeiq" {Drain +Blink Str+4
                  | Int+3}
  5796 | D:7      | Identified the +1 hat of Snakes and Ladders {rC+ rCorr
                  | Int+2 Dex-4}
  5798 | D:7      | Identified the +0 hat "Kobriop" {rElec rF- Dex+4 Slay+2}
  6108 | D:8      | Noticed a sixfirhy
  6108 | D:8      | Found a runed translucent door.
  6336 | D:8      | Noticed Joseph
  6349 | D:8      | Noticed Psyche
  6609 | D:8      | Reached XP level 10. HP: 86/86 MP: 13/13
  6677 | D:8      | Killed Joseph
  6738 | D:8      | Killed Psyche
  6977 | D:8      | Killed a sixfirhy
  7024 | D:9      | Found a flagged portal.
  7033 | Bailey   | Entered a bailey
  7203 | Bailey   | Reached ***** piety under Lugonu
  7530 | Bailey   | Identified the +3 morningstar "Comeomp" {flame, rC++ rN+}
  8044 | D:9      | Paralysed by a hornet for 2 turns
  8116 | D:9      | Reached XP level 11. HP: 48/99 MP: 14/14
  8297 | D:9      | Noticed a boulder beetle
  8307 | D:9      | Killed a boulder beetle
  8308 | D:9      | Reached skill level 10 in Fighting
  8442 | D:10     | Entered Level 10 of the Dungeon
  8451 | D:10     | Found Erpha's Tremendous Tomes.
  9066 | D:10     | Reached skill level 10 in Armour
  9479 | D:11     | Reached ****** piety under Lugonu
  9513 | D:11     | Found a staircase to the Lair.
  9635 | D:11     | Noticed a two-headed ogre
  9641 | D:11     | Killed a two-headed ogre
  9738 | D:11     | Found a staircase to the Orcish Mines.
 10093 | D:13     | Identified the "Yfyts"
 10093 | Lair:1   | Entered Level 1 of the Lair of Beasts
 10504 | Lair:1   | Reached XP level 12. HP: 82/110 MP: 16/16
 11337 | Lair:2   | Noticed an eight-headed hydra
 11367 | Lair:2   | Killed an eight-headed hydra
 11753 | Lair:2   | Reached skill level 10 in Invocations
 11832 | Lair:2   | Found a staircase to the Snake Pit.
 11878 | Lair:2   | Found a runed translucent gate.
 11878 | Lair:2   | Found a runed translucent gate.
 11879 | Lair:2   | Found a runed translucent gate.
 11880 | Lair:2   | Noticed a 13-headed hydra
 11880 | Lair:2   | Noticed Simafegy's ghost (journeyman GrEE)
 12109 | Lair:2   | Killed a 13-headed hydra
 12118 | Lair:2   | Killed Simafegy's ghost
 12387 | Lair:3   | Noticed a death yak
 12397 | Lair:3   | Noticed a death yak
 12398 | Lair:3   | Noticed a death yak
 12427 | Lair:2   | Killed a death yak
 12695 | Lair:3   | Banished a death yak
 12697 | Lair:3   | Killed a death yak
 12698 | Lair:3   | Reached XP level 13. HP: 99/118 MP: 18/20
 12830 | Lair:3   | Found a staircase to the Swamp.
 12847 | Lair:3   | Reached skill level 10 in Dodging
 13675 | Lair:4   | Identified the +9 plate armour of Rotation {SInv}
 13779 | Lair:4   | Found a viscous altar of Jiyva.
 13779 | Lair:4   | Found a staircase to the Slime Pits.
 14008 | Lair:5   | Entered Level 5 of the Lair of Beasts
 14499 | Lair:5   | Identified the +9 dagger of Goenoes {flame, rC+ Str-3
                  | Dex+2}
 14572 | Lair:5   | Reached XP level 14. HP: 107/129 MP: 20/22
 15594 | Orc:1    | Entered Level 1 of the Orcish Mines
 15828 | Orc:2    | Entered Level 2 of the Orcish Mines
 15950 | Orc:2    | Identified the ring of Creativity {rC++ Will+ AC+4}
 16129 | Orc:2    | Found a staircase to the Elven Halls.
 16281 | Orc:2    | Paralysed by an ogre mage for 5 turns
 16418 | Orc:2    | Reached XP level 15. HP: 109/138 MP: 24/24
 16519 | Orc:2    | Found Kioq's Book Shoppe.
 16519 | Orc:2    | Found Nupin's Armour Boutique.
 16519 | Orc:2    | Found Pocrum's Armour Boutique.
 16519 | Orc:2    | Found Agoo's Armour Emporium.
 17224 | D:12     | Found a hazy altar of Hepliaklqana.
 17305 | D:12     | Noticed Fannar
 17314 | D:12     | Banished Fannar
 17643 | D:12     | Identified the ring of Hard Scrabble {Fire Will+}
 18480 | D:13     | Found a gate to the Vaults.
 18916 | D:14     | Found an opulent altar of Gozag.
 19031 | D:14     | Identified the +1 sling of Veishatz {speed, Str+3}
 19268 | D:14     | Found an iron altar of Okawaru.
 19512 | D:15     | Entered Level 15 of the Dungeon
 19644 | D:15     | Reached skill level 15 in Armour
 19654 | D:15     | Reached skill level 15 in Fighting
 20136 | D:15     | Found Satyimn's Blood Bar.
 20143 | D:15     | Reached skill level 15 in Dodging
 20277 | D:15     | Found a staircase to the Depths.
 20277 | D:15     | Noticed a fire giant
 20440 | D:15     | Banished a fire giant
 20807 | D:15     | Upgraded the game from 0.31-a0-889-g1a8549509d to
                  | 0.31-a0-920-g28cbb04a8c
 21005 | Snake:1  | Entered Level 1 of the Snake Pit
 21361 | Snake:1  | Reached XP level 16. HP: 121/149 MP: 25/25
 21521 | Snake:1  | Found a large runed translucent door.
 21521 | Snake:1  | Found a large runed translucent door.
 21523 | Snake:1  | Noticed Cyhav's ghost (adept HuFi)
 21964 | Snake:1  | Found Geerr's Book Emporium.
 21978 | Snake:1  | Found Kocko's Weapon Emporium.
 21978 | Snake:1  | Found Ediommo's Weapon Shoppe.
 21981 | Snake:1  | Found Torcha Loam's Jewellery Shoppe.
 22184 | Snake:1  | Identified the ring of Xom's Entertainment {rF+ rN+}
 23239 | Snake:1  | Identified the +6 broad axe of Omuddusu {flame, +Blink
                  | MP+9}
 23648 | Snake:1  | Reached skill level 15 in Polearms
 24281 | Snake:2  | Found Vukiotaf's Book Shop.
 24952 | Desolati | Identified the "Vaypuv"
 24952 | Desolati | Identified the "Dojuc"
 24952 | Desolati | Identified the "Nuf Apomp"
 24952 | Vaults:4 | Identified the "Ihof"
 24952 | Vaults:5 | Identified the "Cutut"
 24952 | Crypt:3  | Identified the "Yfiyky"
 24952 | Elf:1    | Entered Level 1 of the Elven Halls
 24952 | Elf:1    | Found a runed translucent gate.
 24952 | Elf:1    | Found a runed translucent gate.
 24952 | Elf:1    | Found a runed translucent gate.
 24952 | Elf:1    | Found a runed translucent gate.
 24952 | Elf:1    | Found a runed translucent gate.
 24952 | Elf:1    | Found a runed translucent gate.
 24953 | Elf:1    | Found a runed translucent door.
 25180 | Elf:1    | Found a runed translucent door.
 25600 | Elf:1    | Found Gegollu's Assorted Antiques.
 25608 | Elf:1    | Bought a diamond ring for 110 gold pieces
 25609 | Elf:1    | Bought a scroll of fog for 88 gold pieces
 25645 | Elf:1    | Noticed a Hell Sentinel
 25649 | Elf:1    | Noticed an Ice Fiend
 26022 | Elf:1    | Reached XP level 17. HP: 106/160 MP: 4/26
 26775 | Elf:2    | Paralysed by an air elemental for 1 turns
 26814 | Elf:2    | Found Hixy's Assorted Antiques.
 26836 | Elf:2    | Bought a metallic silvery potion for 27 gold pieces
 27092 | Elf:2    | Found a runed translucent door.
 27116 | Elf:2    | Found a runed translucent door.
 27451 | Elf:2    | Found a portal to a secret trove of treasure.
 28772 | D:15     | Bought a +1 vampiric lajatang for 884 gold pieces
 29179 | Snake:3  | Reached skill level 1 in Staves
 29833 | Snake:4  | Entered Level 4 of the Snake Pit
 29980 | Snake:4  | Reached skill level 5 in Staves
 30250 | Snake:4  | Reached XP level 18. HP: 116/171 MP: 27/27
 31410 | Snake:4  | Corrupted Snake:4
 31798 | Snake:4  | Got a serpentine rune of Zot
 32106 | Swamp:1  | Entered Level 1 of the Swamp
 32376 | Elf:3    | Identified the "Teogicw"
 32376 | Elf:3    | Identified the "Wobluohi"
 32376 | Elf:3    | Identified the "Pasuinug"
 32376 | Elf:3    | Entered Level 3 of the Elven Halls
 32430 | Elf:3    | Paralysed by an air elemental for 1 turns
 32694 | Elf:3    | Identified the amulet "Tesec" {Reflect Dex+3 SH+5}
 32889 | Elf:3    | Identified the +4 trident of Letum {flame, rN+}
 32903 | Elf:3    | Identified the ring "Hoirusoxt" {Wiz rElec rF- rN+}
 33077 | Abyss:3  | Cast into level 3 of the Abyss (a deep elf demonologist)
 33091 | Abyss:3  | Gained mutation: You occasionally lose the ability to read
                  | scrolls when taking damage. [a shining eye]
 33097 | Elf:3    | Escaped the Abyss
 33106 | Elf:3    | Lost mutation: You occasionally lose the ability to read
                  | scrolls when taking damage. [potion of mutation]
 33106 | Elf:3    | Gained mutation: Your flesh is heat resistant. (rF+)
                  | [potion of mutation]
 33106 | Elf:3    | Gained mutation: You are strong-willed. (Will+) [potion of
                  | mutation]
 33106 | Elf:3    | Gained mutation: You have large cloven feet. [potion of
                  | mutation]
 33272 | Elf:3    | Identified the ring of Zanuthros {Fly Str-2 Dex+5}
 33402 | Elf:3    | Found the +2 hat of the Bear Spirit {Spirit, Bear, *Rage
                  | Will++}
 33430 | Elf:3    | Found the +2 hood of the Assassin {Detect Stab+ Stlth++}
 33491 | Elf:3    | Identified the +0 ring mail of Isyg Piph {rN+ SInv}
 33616 | Elf:3    | Paralysed by an air elemental for 1 turns
 33767 | Elf:3    | Noticed Donald
 33772 | Elf:3    | Reached XP level 19. HP: 179/184 MP: 28/28
 33784 | Elf:3    | Killed Donald
 34331 | Vaults:1 | Entered Level 1 of the Vaults
 34691 | Vaults:1 | Found a runed translucent gate.
 34692 | Vaults:1 | Found a runed translucent gate.
 34692 | Vaults:1 | Found a runed translucent gate.
 34693 | Vaults:1 | Noticed AncientFaroe's ghost (journeyman HOFi)
 34722 | Vaults:1 | Reached skill level 5 in Evocations
 35046 | Vaults:1 | Identified the +11 trident of Cataclysm {antimagic, rC++
                  | rN+ Int-3 Stlth+}
 35269 | Vaults:1 | Identified the +7 battleaxe of a bazaar {flame, rPois
                  | Int+3}
 35290 | Vaults:1 | Identified the +7 quarterstaff "Womuli" {freeze, rC++ Str-5
                  | Int+6}
 35767 | Vaults:1 | Identified the +3 pair of boots of Atheism {+Blink}
 36208 | Vaults:2 | Found a flickering gateway to a bazaar.
 36214 | Bazaar   | Entered a bazaar
 36214 | Bazaar   | Found Fahevami's Antique Weapon Shoppe.
 36214 | Bazaar   | Found Raomeret's Book Shoppe.
 36215 | Bazaar   | Found Ogassedumec's Assorted Antiques.
 36215 | Bazaar   | Found Woaff's Armour Emporium.
 36263 | Vaults:2 | Identified the +5 scale mail of the Meager God {rPois Int+7
                  | Dex+2 Stlth-}
 36408 | Vaults:2 | Reached skill level 10 in Evocations
 36611 | Vaults:2 | Found a staircase to the Crypt.
 36679 | Vaults:2 | Found Atzon's Magic Scroll Emporium.
 36685 | Vaults:2 | Bought a scroll of blinking for 97 gold pieces
 36685 | Vaults:2 | Bought a scroll of enchant weapon for 97 gold pieces
 36850 | Vaults:2 | Reached XP level 20. HP: 194/195 MP: 29/29
 36857 | Vaults:2 | Found Reozoli's Magic Scroll Boutique.
 36867 | Vaults:2 | Bought a scroll of blinking for 97 gold pieces
 36873 | Vaults:2 | Noticed a golden dragon
 36880 | Vaults:2 | Killed a golden dragon
 37070 | Vaults:2 | You fall into a shaft and drop 1 floor!
 37301 | Vaults:3 | Found a glowing silver altar of Zin.
 37312 | Vaults:3 | Corrupted Vaults:3
 37325 | Vaults:3 | Found a glowing golden altar of the Shining One.
 37660 | Vaults:3 | Found a white marble altar of Elyvilon.
 37660 | Vaults:3 | Found a crumbling gateway.
 37752 | Desolati | Entered the Desolation of Salt
 37795 | Desolati | Reached skill level 15 in Invocations
 37848 | Desolati | Identified the ring "Guajigg" {Ice Str+3}
 37867 | Desolati | Identified the ring of the Tempest {Str+3 SInv}
 37950 | Desolati | Identified the ring of Vanity {rC+ Str+5 Int-4}
 38113 | Desolati | Identified the ring "Vetuga" {rC+ Dex+2 Stlth+}
 38121 | Desolati | Identified the ring of Beauty {Ice Will+ rCorr Int+3}
 40492 | Vaults:4 | Reached XP level 21. HP: 206/206 MP: 32/32
 41519 | Elf:2    | You paid a toll of 3 scrolls of blinking to enter a
                  | treasure trove
 41520 | Trove    | Entered a treasure trove
 41522 | Trove    | Found the +0 mask of the Dragon {Will+ Slay+3 SInv}
 41524 | Trove    | Identified the +2 crystal plate armour of Qofa {Harm rElec
                  | Regen+ Slay-4}
 41526 | Trove    | Identified the orb "Yggul" {*Rage, rN+ Str+3 Dex-3}
 41533 | Trove    | Identified the +1 scale mail "Yzuohic" {rC+ Str+3}
 41536 | Trove    | Identified the +0 pair of boots of the Furies {rN+}
 41539 | Trove    | Identified the +2 pair of gloves "Uxagh" {+Blink MP+9
                  | Slay+3}
 41541 | Trove    | Identified the +3 scale mail "Diru" {+Inv rPois rF+ rC+}
 41544 | Trove    | Identified the +1 ring mail of Ru's Grace {Str+4 Int-2}
 41886 | Swamp:1  | Noticed Kirke
 41896 | Swamp:1  | Killed Kirke
 43400 | Swamp:3  | Noticed Nikola
 43534 | Swamp:3  | Killed Nikola
 43574 | Swamp:3  | Identified the +3 scale mail "Irufypiy" {rN+ Regen+ Int+4}
 43739 | Swamp:4  | Entered Level 4 of the Swamp
 44929 | Swamp:4  | Identified the +0 robe of Agnosticism {-Tele Fly rC+ Dex+3}
 45036 | Swamp:4  | Got a decaying rune of Zot
 45531 | Vaults:5 | Entered Level 5 of the Vaults
 45615 | Vaults:5 | Identified the +5 scale mail "Hivatygh" {SInv}
 45628 | Vaults:5 | Identified the ring "Sesibu Kiowk" {rPois rCorr Dex+2
                  | Stlth+}
 45641 | Vaults:5 | Noticed a dread lich
 45671 | Vaults:5 | Killed a dread lich
 45700 | Vaults:5 | Reached XP level 22. HP: 214/220 MP: 33/33
 46448 | Vaults:5 | Noticed an ancient lich
 46456 | Vaults:5 | Killed an ancient lich
 46475 | Vaults:5 | Noticed an ancient lich
 46494 | Vaults:5 | Killed an ancient lich
 46506 | Vaults:5 | Noticed an ancient lich
 46516 | Vaults:5 | Killed an ancient lich
 46550 | Vaults:5 | Found Gihittae's Distillery.
 46554 | Vaults:5 | Bought a potion of curing for 51 gold pieces
 46554 | Vaults:5 | Bought a potion of curing for 51 gold pieces
 46554 | Vaults:5 | Bought a potion of curing for 51 gold pieces
 46554 | Vaults:5 | Bought a potion of curing for 51 gold pieces
 46554 | Vaults:5 | Bought a potion of curing for 51 gold pieces
 46578 | Vaults:5 | Got a silver rune of Zot
 47047 | Vaults:5 | Identified the +6 mace "Vuag" {elec, Fragile rElec rPois
                  | Will++}
 47326 | Depths:1 | Entered Level 1 of the Depths
 47741 | Depths:1 | Found Toarghapi's Antique Armour Shop.
 47746 | Depths:1 | Bought a spiked chain mail for 218 gold pieces
 47746 | Depths:1 | Identified the +1 chain mail of Responsibility {Regen+}
                  | (You bought it in a shop on level 1 of the Depths)
 47870 | Depths:1 | Found a sparkling altar of Nemelex Xobeh.
 48111 | Depths:1 | Reached XP level 23. HP: 232/232 MP: 35/35
 48300 | Depths:1 | Found a gateway to Hell.
 48668 | Depths:3 | Noticed Frederick
 48726 | Depths:3 | Killed Frederick
 48789 | Depths:3 | Found a runed translucent gate.
 48789 | Depths:3 | Found a runed translucent gate.
 48807 | Depths:3 | Found a one-way gate to the infinite horrors of the Abyss.
 48847 | Depths:3 | Noticed Saint Roka
 48847 | Depths:3 | Found the +10 Black Knight's barding {ponderous, rPois rN+}
 48865 | Depths:3 | Killed Saint Roka
 48997 | Depths:3 | Found a runed translucent gate.
 48998 | Depths:3 | Noticed Bahe's ghost (veteran DgCj)
 48998 | Depths:3 | Noticed a dread lich
 49002 | Depths:3 | Noticed a dread lich
 49026 | Depths:3 | You fall into a shaft and drop 1 floor!
 49026 | Depths:4 | Entered Level 4 of the Depths
 49026 | Depths:4 | Found a one-way gateway to a ziggurat.
 50236 | Depths:4 | Found a gate to the Realm of Zot.
 50274 | Depths:4 | Noticed a caustic shrike
 50274 | Depths:4 | Noticed a caustic shrike
 50277 | Depths:4 | Noticed a caustic shrike
 50289 | Depths:4 | Killed a caustic shrike
 50292 | Depths:4 | Killed a caustic shrike
 50295 | Depths:4 | Killed a caustic shrike
 50902 | Depths:3 | Noticed Mennas
 50946 | Depths:3 | Killed Mennas
 51284 | Depths:3 | Found a one-way gate leading to the halls of Pandemonium.
 51358 | Depths:3 | Identified the +1 robe of Rotini {Harm rElec rN+}
 51359 | Depths:3 | Identified the +1 hand axe of Laetielism {heavy, Dex+6}
 51766 | Vaults:1 | Reached XP level 24. HP: 232/246 MP: 36/36
 51807 | Vaults:1 | Killed AncientFaroe's ghost
 51815 | Vaults:1 | Identified the -1 pair of boots of Tutalesk {-Tele rPois
                  | Int+2 Dex+2}
 52051 | Zot:1    | Entered Level 1 of the Realm of Zot
 53089 | Zot:2    | Noticed an orb of fire
 53116 | Zot:2    | Killed an orb of fire
 53379 | Zot:2    | Reached skill level 27 in Fighting
 53399 | Zot:2    | Reached skill level 27 in Armour
 56338 | Vaults:2 | Bought a scroll of enchant weapon for 97 gold pieces
 56338 | Vaults:2 | Bought a scroll of enchant weapon for 97 gold pieces
 56688 | Zot:1    | Identified the +4 broad axe "Bashuniergh" {spect, +Blink
                  | Int+3 Stlth+}
 56855 | Zot:1    | Noticed Vv
 56883 | Zot:1    | Killed Vv
 56884 | Zot:1    | Reached XP level 25. HP: 257/257 MP: 36/36
 57635 | Vaults:2 | Bought a scroll of enchant armour for 97 gold pieces
 58642 | Zot:5    | Entered Level 5 of the Realm of Zot
 59229 | Zot:5    | Noticed a Killer Klown
 59258 | Zot:5    | Killed a Killer Klown
 59638 | Zot:5    | Gained mutation: Your spells are a little easier to cast,
                  | but a little less powerful. [mutagenic glow]
 59649 | Zot:5    | Gained mutation: You are dopey. (Int -2) [mutagenic glow]
 59668 | Zot:5    | Gained mutation: You sometimes lose your temper in combat.
                  | [mutagenic glow]
 59751 | Zot:5    | Lost mutation: Your flesh is heat resistant. (rF+) [potion
                  | of mutation]
 59751 | Zot:5    | Lost mutation: Your spells are a little easier to cast, but
                  | a little less powerful. [potion of mutation]
 59751 | Zot:5    | Lost mutation: You are strong-willed. (Will+) [potion of
                  | mutation]
 59751 | Zot:5    | Gained mutation: You are very dopey. (Int -4) [potion of
                  | mutation]
 59751 | Zot:5    | Gained mutation: You are robust. (+10% HP) [potion of
                  | mutation]
 59752 | Zot:5    | Lost mutation: You have large cloven feet. [potion of
                  | mutation]
 59752 | Zot:5    | Lost mutation: You sometimes lose your temper in combat.
                  | [potion of mutation]
 59752 | Zot:5    | Gained mutation: You are clumsy. (Dex -2) [potion of
                  | mutation]
 59752 | Zot:5    | Lost mutation: You are robust. (+10% HP) [potion of
                  | mutation]
 59752 | Zot:5    | Gained mutation: Your skin changes colour to match your
                  | surroundings (Stealth+). [potion of mutation]
 59753 | Zot:5    | Lost mutation: Your skin changes colour to match your
                  | surroundings (Stealth+). [potion of mutation]
 59753 | Zot:5    | Lost mutation: You are clumsy. (Dex -2) [potion of
                  | mutation]
 59753 | Zot:5    | Lost mutation: You are very dopey. (Int -4) [potion of
                  | mutation]
 59753 | Zot:5    | Gained mutation: Your flesh is cold resistant. (rC+)
                  | [potion of mutation]
 59906 | Zot:5    | Noticed an ancient lich
 59928 | Zot:5    | Killed an ancient lich
 59937 | Zot:5    | Noticed a dread lich
 59947 | Zot:5    | Noticed an orb of fire
 59958 | Zot:5    | Killed a dread lich
 59968 | Zot:5    | Killed an orb of fire
 60304 | Zot:5    | Noticed an ancient lich
 60312 | Zot:5    | Killed an ancient lich
 60313 | Zot:5    | Noticed a Killer Klown
 60323 | Zot:5    | Killed a Killer Klown
 60740 | Zot:5    | Noticed a Killer Klown
 60743 | Zot:5    | Noticed an ancient lich
 60749 | Zot:5    | Noticed a dread lich
 60749 | Zot:5    | Noticed an ancient lich
 60751 | Zot:5    | Corrupted Zot:5
 60754 | Zot:5    | Killed a Killer Klown
 60764 | Zot:5    | Got the Orb of Zot
 60924 | Depths:3 | Noticed Ramicori the pandemonium lord
 61114 | D:12     | Noticed Biff the pandemonium lord
 61446 | D:1      | gg
 61447 | D:$      | Escaped with the Orb!

Illustrated notes

#).# #### # #####
##### ##### # #...#
#...# #...# # #.>.#
#...# #.⌠.#
###...###...###...#
.....(............#
................@.#
...............(2.#
###...###...###...#
# #...# #.>.# #.6.#
# #...# #...# #...#
# ##### ##### #####


Turn 61446 on D:1: gg

Levels and vault maps discovered:
D:1:      minmay_arrival_hallway, layout_rooms, ebering_ecumenical_altar_hall
D:2:      layout_loops_ring, basic_altar, minmay_lizard_pond
D:3:      layout_loops_corners
D:4:      layout_rooms, uniq_sigmund
D:5:      layout_rooms, mainiacjoe_overflow_swirl,
          minmay_temple_entry_nine_rooms
D:6:      kennysheep_housing_project, layout_rooms, serial_shops, shop
D:7:      layout_loops_ring, minmay_misc_feat_pillars,
          minmay_misc_feat_enclosed, the_hattery, uniq_jeremiah
D:8:      cheibrodos_shockbox, layout_rooms, uniq_psyche, uniq_joseph
D:9:      layout_cross, enter_bailey_2, nzn_sisyphean_effort
D:10:     layout_grid_maze, nicolae_shop_i_like_big_books, minivault_26
D:11:     layout_long_grid, david_lair_shrubbed, david_orc_3
D:12:     layout_stronghold, nzn_hepliaklqana_mist_gate, uniq_fannar
D:13:     layout_loops_ring, hangedman_vaults_entry_quadrant_bands,
          nrook_loot_triangle
D:14:     layout_loops_ring, grunt_gozag_breadcrumbs,
          kennysheep_okawaru_gauntlet
D:15:     grunt_enter_depths_giant_problem, layout_basic, serial_bayou_shore_b,
          guppyfry_shop_blood
Lair:1:   layout_roguey
Lair:2:   layout_loops_ring, guppyfry_snake_entry_garden,
          gammafunk_ghost_hydra_chop
Lair:3:   layout_chaotic_city, nicolae_swamp_entry_splash_gauntlet,
          infiniplex_staircase_pool_2, wad_woods_river_01, grunt_megastairs_2
Lair:4:   layout_cave_shapes, slime_entry_1
Lair:5:   hangedman_lair_caniforms_friends, layout_gridlike,
          hangedman_lair_tendril_chambers
Swamp:1:  layout_basic_swamp, evilmike_swamp_ruin_house_4, uniq_kirke
Swamp:2:  layout_falls_marsh, nicolae_swamp_round_clearing,
          nicolae_swamp_necromancer_hut
Swamp:3:  layout_falls_marsh, hangedman_swamp_ruin_wall, uniq_nikola
Swamp:4:  swamp_basic_johnstein, layout_basic_swamp, swamp_pool1
Snake:1:  layout_layer_cave, ebering_ghost_disaster_area,
          nicolae_snake_naga_rites, minmay_shoptagon
Snake:2:  layout_rooms, serial_shops, shop
Snake:3:  layout_cave_shapes
Snake:4:  snake_pit, layout_rooms, nicolae_snake_gridmaze_tees,
          nicolae_snake_gridmaze_squiggle
Orc:1:    layout_caves
Orc:2:    st_orc_ogre_mass, layout_diamond_mine, mines3_lemuel
Elf:1:    nicolae_elf_arrival_dilemma, layout_onion_city, serial_shops, shop,
          hangedman_elf_disciples, corexii_checkpoint_a
Elf:2:    elven_hall_of_blades_hangedman_original
          [nicolae_blade_entry_splitting_headache], layout_gridlike,
          serial_shops, shop, nicolae_trove_entry_isolated
Elf:3:    grunt_elf_hall_spiral, layout_geoelf_diagonals,
          nicolae_elf_variegated_diamond, uniq_donald
Vaults:1: gammafunk_ghost_tricky_traps, nicolae_vaults_weapon_check,
          nicolae_vaults_offset_grid_hallway_1,
          nicolae_vaults_closet_pinwheel_4, nicolae_vaults_museum,
          v_alt_pattern_2, nicolae_vaults_diamond_1,
          nicolae_vaults_sesquioval_fish, nicolae_vaults_tetromino_Z_2,
          vaults_dpeg_hooks, layout_vaults_omnigrid
Vaults:2: v_alt_pattern_5, minmay_crypt_entry_simple_box,
          nicolae_vaults_little_squares_4, nicolae_vaults_what_the_h,
          vaults_room_semicircle, nicolae_vaults_closet_pinwheel_1,
          vaults_room_pool, vaults_dpeg_cross, v_misc_29,
          nicolae_vaults_antechamber_and_loot_room, layout_vaults_omnibox,
          serial_shops, bzr_entry_safe, shop, nicolae_lakefront_shop
Vaults:3: portal_desolation_entry_holy_temple, vaults_mumra_lcd,
          nicolae_vaults_murder_corner, vaults_room_stairs_pillars,
          vaults_room_pools, ontoclasm_vaults_chip, v_misc_9,
          nicolae_vaults_house_3, hangedman_vaults_snaps, layout_vaults_big_room
Vaults:4: nicolae_vaults_big_ls, vaults_room_grunt_arrival_checkpoint,
          v_alt_pattern_4, nicolae_vaults_circle_grid_b,
          nicolae_vaults_heart-shaped_vault,
          hangedman_vaults_stretched_pinwheel, nicolae_vaults_trapezoid_4,
          nicolae_vaults_offset_grid_hallway_2,
          nicolae_vaults_offset_grid_hallway_2, v_misc_3,
          dpeg_vaults_monster_row, vaults_dpeg_encased_lava, v_misc_8,
          nicolae_vaults_library_corner, nicolae_vaults_closet_pinwheel_4,
          grunt_vaults_hallway_short, ontoclasm_vaults_idyll,
          layout_vaults_big_cross
Vaults:5: serial_shops
Depths:1: layout_gridville, nemelex_lonely_heart_becter, serial_shops,
          nicolae_shop_just_a_little_nook, grunt_hell_entry_dis_old,
          kennysheep_boxes
Depths:2: lemuel_river_lethe, hell_entry, serial_shops, pan_entry
Depths:3: minmay_shrinking_squares, layout_cave_pools, grunt_pan_entry_zigzag,
          hellmouth_1, abyss_entry_crystal, gammafunk_ghost_necromancy,
          infiniplex_staircase_zigzag_4, uniq_mennas, uniq_frederick,
          uniq_saint_roka
Depths:4: evilmike_zot_entry_diamond, layout_honeycomb, enter_ziggurat_f,
          grunt_hell_horde, hangedman_decor_push, serial_bayou_shore_b
Zot:1:    layout_onion_interference, uniq_vv
Zot:2:    lemuel_acid_trip, layout_cathedral_of_symmetry
Zot:3:    hangedman_snap_crack_crunch, layout_cathedral_of_symmetry
Zot:4:    layout_cathedral_of_symmetry
Zot:5:    layout_twisted_circle, bh_zot_lava_cross

Skill      XL: |  1  2  3  4  5  6  7  8  9 10 11 12 13 14 15 16 17 18 19 20 21 22 23 24 25 |
---------------+----------------------------------------------------------------------------+-----
Fighting       | 3 4 5 6 7 9 11 12 13 14 15 16 17 19 20 21 23 24 26 27 | 27.0
Ranged Weapons | 5 |  5.0
Polearms       | 1 2 3 4 6 9 10 12 14 15 17 19 23 | 23.6
Dodging        | 4 5 9 11 14 15 16 17 19 20 | 20.0
Evocations     | 2 10 | 10.0
Invocations    | 2 6 10 12 14 16 17 19 20 | 20.0
Armour         | 3 5 6 9 11 12 13 14 15 16 17 19 20 21 23 24 26 27 | 27.0
Staves         | 6 8 |  8.8
Stealth        | |  0.7

Action                     |  1- 3 |  4- 6 |  7- 9 | 10-12 | 13-15 | 16-18 | 19-21 | 22-24 | 25-27 || total
---------------------------+-------+-------+-------+-------+-------+-------+-------+-------+-------++-------
  Melee: Spear             |    43 |    81 |   335 |   703 |  1563 |  1062 |       |       |       ||  3787
         Headbutt          |     2 |     7 |    45 |   108 |   334 |   302 |   562 |   660 |   137 ||  2157
         Punch             |     1 |       |     1 |     6 |    13 |     4 |       |       |       ||    25
         Lajatang          |       |       |       |       |       |   723 |  1876 |  1767 |   402 ||  4768
         Bardiche          |       |       |       |       |       |       |       |     4 |       ||     4
   Fire: Shortbow          |    42 |       |       |       |       |       |       |       |       ||    42
  Throw: Dart              |       |       |       |       |       |       |     1 |       |       ||     1
         Throwing net      |       |       |       |       |       |       |       |     2 |       ||     2
 Invoke: Banish            |       |       |     1 |     1 |     6 |     4 |    12 |       |     1 ||    25
         Corrupt           |       |       |       |       |       |     1 |     1 |       |     1 ||     3
         Depart the Abyss  |       |       |       |       |       |     1 |       |       |       ||     1
Ability: Evoke Blink       |       |       |       |       |       |       |       |       |     1 ||     1
  Evoke: Wand              |       |     2 |     1 |     3 |     2 |       |     3 |     3 |     5 ||    19
         Condenser vane    |       |       |       |       |       |       |     1 |       |       ||     1
         Lightning rod     |       |       |       |       |       |       |     3 |       |       ||     3
         Phantom mirror    |       |       |       |       |       |       |       |     2 |       ||     2
         Sack of spiders   |       |       |       |       |       |       |       |       |     1 ||     1
    Use: Scroll            |     5 |     1 |    11 |     7 |     4 |    16 |    10 |    10 |    13 ||    77
         Potion            |       |       |     1 |     1 |       |     7 |     7 |     5 |    15 ||    36
   Stab: Sleeping          |     1 |     1 |       |       |       |       |       |       |       ||     2
         Distracted        |       |       |     1 |       |       |     1 |       |       |     1 ||     3
         Paralysed         |       |       |       |     3 |     4 |       |       |       |       ||     7
 Armour: Leather armour    |    23 |    19 |    15 |       |       |       |       |       |       ||    57
         Chain mail        |       |       |   100 |       |       |       |       |       |       ||   100
         Plate armour      |       |       |    34 |   116 |   359 |   731 |  1285 |  1279 |    39 ||  3843
         Pearl dragon scal |       |       |       |   170 |    77 |       |       |       |       ||   247
         Gold dragon scale |       |       |       |       |       |       |       |       |   261 ||   261
  Dodge: Dodged            |    22 |    19 |    86 |   254 |   630 |  1040 |  1765 |  1479 |   323 ||  5618
         Repelled          |       |       |       |     4 |    14 |    69 |     5 |       |       ||    92

Table legend: (Time is in decaauts)
 A = Elapsed time spent in this place.
 B = Non-inter-level travel time spent in this place.
 C = Inter-level travel time spent in this place.
 D = Time resting spent in this place.
 E = Time spent auto-exploring this place.
 F = Levels seen in this place.
 G = Mean time per level.
                   A        B        C        D        E       F      G
               +--------+--------+--------+--------+--------+-----+--------+
         Total |  58713 |  51816 |   6897 |  12157 |  24955 |  52 | 1129.1 |
       Dungeon |  15126 |  12570 |   2556 |   2299 |   7457 |  15 | 1008.4 |
          Lair |   5509 |   4734 |    775 |    641 |   2925 |   5 | 1101.8 |
         Swamp |   3569 |   3377 |    192 |   1111 |   1430 |   4 |  892.2 |
     Snake Pit |   6523 |   6258 |    265 |   2523 |   2460 |   4 | 1630.8 |
  Orcish Mines |   1619 |   1286 |    333 |     81 |    807 |   2 |  809.5 |
   Elven Halls |   5346 |   4762 |    584 |   1282 |   1882 |   3 | 1782.0 |
        Vaults |   8171 |   6892 |   1279 |    750 |   3431 |   5 | 1634.2 |
        Depths |   4543 |   4008 |    535 |    963 |   1997 |   4 | 1135.8 |
           Zot |   6849 |   6474 |    375 |   2389 |   1946 |   5 | 1369.8 |
         Abyss |     16 |     16 |      0 |      0 |      0 |   1 |   16.0 |
        Bazaar |     19 |     19 |      0 |      0 |      0 |   1 |   19.0 |
         Trove |     35 |     35 |      0 |      0 |      0 |   1 |   35.0 |
        Bailey |    649 |    649 |      0 |    116 |    234 |   1 |  649.0 |
    Desolation |    732 |    732 |      0 |      0 |    384 |   1 |  732.0 |
               +--------+--------+--------+--------+--------+-----+--------+

Top non-repeatable levels by time:
 Snake:1: 2904 daAuts
Vaults:1: 2168 daAuts
   Zot:5: 2065 daAuts
Depths:4: 2053 daAuts
    D:15: 1951 daAuts
   Elf:2: 1859 daAuts
   Elf:1: 1852 daAuts
   Elf:3: 1634 daAuts
   Zot:3: 1611 daAuts
Vaults:5: 1611 daAuts
 Snake:4: 1572 daAuts
Vaults:2: 1565 daAuts
Vaults:4: 1445 daAuts
     D:3: 1394 daAuts
Vaults:3: 1380 daAuts
